AoeStats
← SlowBoy

Arabia

504278366Analyzed
1v1 RM · 28d ago on Sep 4, 2026· 19m 20s· 2 players
Game mode
Random Map
Map size
Tiny (2 player)
Population
200
Speed
Normal
Resources
Standard
Victory
Conquest
Starting age
Dark Age
Ending age
Imperial Age
RankedLock teamsTeams togetherTeam positionsShared explorationLock speedFull tech treeHidden civsTurbo modeCheats
Victory
Defeat
🇨🇦 Goths · Canada
1657
+18
🇧🇷 Chinese · Brazil
1708
-18
Dizzy_RandomCiv
4:48 Loom
9:29 Feudal Age
9:35 Man-at-Arms
13:10 Town Watch
13:16 Double-Bit Axe
18:27 Scale Mail Armor
18:23 Horse Collar
19:40 Forging
SlowBoy
0:30 Loom
9:45 Feudal Age
10:18 Double-Bit Axe
10:14 Horse Collar
Connection lost

Rejoining the realm…

Still unreachable

The connection could not be restored.

Session expired

The server has moved on; the page needs a fresh start.